 Dungeon Crawl Stone Soup version 0.28.0-45-g0d030f2227 (webtiles) character file.

Game seed: 16747859979983167218

1241 101zpm the Gusty (level 8, -2/58 HPs)
             Began as a Gnoll Air Elementalist on Apr 24, 2022.
             Was a Follower of Qazlal.
             Slain by a killer bee (4 damage)
             ... on level 6 of the Dungeon.
             The game lasted 00:13:49 (5927 turns).

101zpm the Gusty (Gnoll Air Elementalist)           Turns: 5927, Time: 00:13:49

Health: -2/58      AC:  2    Str:  8    XL:     8   Next: 49%
Magic:  3/17       EV: 14    Int: 17    God:    Qazlal [*.....]
Gold:   218        SH:  1    Dex: 12    Spells: 8/19 levels left

rFire   . . .      SeeInvis .     - Unarmed
rCold   . . .      Faith    .   (no shield)
rNeg    . . .      Spirit   .   a - +0 robe
rPois   .          Reflect  .   (no helmet)
rElec   .          Harm     .   (no cloak)
rCorr   .          Rampage  .   (no gloves)
Will    .....                   (no boots)
Stlth   +++.......              (no amulet)
HPRegen 0.19/turn               (no ring)
MPRegen 0.15/turn               (no ring)

@: lethally poisoned (-2 -> -25)
A: fangs 1, strong nose, distributed training
a: Renounce Religion


You were on level 6 of the Dungeon.
You worshipped Qazlal.
Qazlal was aware of your devotion.
You visited 2 branches of the dungeon, and saw 8 of its levels.

You collected 218 gold pieces.

Inventory:

Armour
 a - a +0 robe (worn)
Jewellery
 f - a ring of protection from fire
 j - a ring of positive energy
Scrolls
 b - 2 scrolls of fear {unknown}
 c - a scroll of vulnerability {unknown}
 d - a scroll of holy word {unknown}
 e - 3 scrolls of teleportation {unknown}
 g - 2 scrolls of noise {unknown}
 k - 2 scrolls of magic mapping {unknown}
 m - 2 scrolls of enchant armour {unknown}
 n - 2 scrolls of silence {unknown}
 p - a scroll of fog {unknown}
 q - a scroll of amnesia {unknown}
Potions
 h - 5 potions of curing {unknown}
 i - a potion of might {unknown}
 l - 2 potions of flight {unknown}
 o - a potion of haste {unknown}


   Skills:
 + Level 3.3 Fighting
 + Level 3.3 Short Blades
 + Level 3.3 Long Blades
 + Level 3.3 Axes
 + Level 3.3 Maces & Flails
 + Level 3.3 Polearms
 + Level 3.3 Staves
 + Level 3.3 Slings
 + Level 3.3 Bows
 + Level 3.3 Crossbows
 + Level 3.3 Throwing
 + Level 3.3 Armour
 + Level 5.7 Dodging
 + Level 5.4 Stealth
 + Level 3.3 Shields
 + Level 3.3 Unarmed Combat
 + Level 6.0 Spellcasting
 + Level 3.5 Conjurations
 + Level 2.7 Hexes
 + Level 2.7 Summonings
 + Level 2.7 Necromancy
 + Level 2.7 Translocations
 + Level 2.7 Transmutations
 + Level 2.7 Fire Magic
 + Level 2.7 Ice Magic
 + Level 6.1 Air Magic
 + Level 2.7 Earth Magic
 + Level 2.7 Poison Magic
 + Level 3.6 Invocations
 + Level 3.3 Evocations


You had 8 spell levels left.
You knew the following spells:

 Your Spells              Type           Power      Damage    Failure   Level
a - Shock                 Conj/Air       84%        1d8       1%          1
b - Static Discharge      Conj/Air       21%        N/A       2%          2
c - Swiftness             Air            26%        N/A       3%          3
d - Airstrike             Air            13%        N/A       10%         4
e - Slow                  Hex            56%        N/A       4%          1

Your spell library contained the following spells:

 Spells                   Type           Power      Damage    Failure   Level
 Confusing Touch          Hex            14%        N/A       13%         3
 Vampiric Draining        Necr           14%        2d7       13%         3


Dungeon Overview and Level Annotations

Branches:
Dungeon (7/15)             Temple (1/1) D:5

Altars:
Ashenzari
Cheibriados
Dithmenos
Elyvilon
Fedhas
Gozag
Hepliaklqana
Kikubaaqudgha
Makhleb
Nemelex Xobeh
Okawaru
Qazlal
Ru
Sif Muna
Trog
Uskayaw
Vehumet
Wu Jian
Xom
Yredelemnul
Zin
The Shining One


Innate Abilities, Weirdness & Mutations

You have very sharp teeth.
Your uncanny sense of smell can sniff out nearby items.
Your experience applies equally to all skills.


Message History

The killer bee misses you. The killer bee stings you.
There is a stone staircase leading down here.
Casting: Airstrike (dangerous; 10% risk of failure)
Confirm with . or Enter, or press ? or * to list all spells.
Aiming: Airstrike (dangerous; 10% risk of failure)
Press: ? - help, Dir - move target, f - killer bee, p - killer bee
Aim: a killer bee (empty space bonus: 6/8)
The air twists around and strikes the killer bee!
The killer bee is almost dead.
The killer bee buzzes angrily.
The killer bee stings you! The killer bee stings you.
The killer bee stings you! The killer bee barely misses you.
Aiming: Shock (safe; 1% risk of failure)
Press: ? - help, Q - select action, (/) - cycle Shift-Dir - straight line, f - killer bee, p - killer bee
Aim: a killer bee (severely wounded, 48% to hit)
The zap hits the killer bee.
The killer bee is almost dead.
The killer bee stings you.
You are poisoned.
The killer bee poisons you! The killer bee stings you.
You are more poisoned.
The killer bee poisons you! The killer bee closely misses you. x2
Casting: Shock (safe; 1% risk of failure)
Confirm with . or Enter, or press ? or * to list all spells.
Aiming: Airstrike (dangerous; 10% risk of failure)
Press: ? - help, Dir - move target, f - killer bee, p - killer bee
Aim: a killer bee (empty space bonus: 6/8)
The air twists around and strikes the killer bee!
The killer bee is severely wounded.
* * * LOW HITPOINT WARNING * * *
You feel very sick. The killer bee closely misses you.
The killer bee stings you.
* * * LOW HITPOINT WARNING * * *
You are more poisoned.
The killer bee poisons you!
The killer bee stings you but does no damage.
The killer bee stings you!
* * * LOW HITPOINT WARNING * * *
The killer bee stings you.
You die...

#
#.........##.........#
#....................#
#....................#
#....................#
###+###..#...........#
#.###..#...........#
#..................#
#.....yyy..........#
#......@....####.###
##...........# #.#
.............# #.#
..............# #.#
.............## #)#
.........##### #.#
........# #####.#
........#####...[.#
..............###.#


You could see 3 killer bees.

Vanquished Creatures
  A water moccasin (D:5)
  2 ogres (D:4)
  2 ice beasts
  A necrophage (D:5)
  A gnoll sergeant (D:5)
  A scorpion (D:4)
  2 howler monkeys
  2 orc priests (D:7)
  3 hounds
  A scorpion zombie (D:5)
  A centaur skeleton (D:6)
  3 iguanas (D:4)
  2 orc wizards (D:4)
  A hound skeleton (D:4)
  A howler monkey skeleton (D:7)
  4 gnolls
  7 adders
  A white imp (D:7)
  2 ufetubi
  An adder skeleton (D:4)
  2 dart slugs
  2 orcs (D:7)
  4 endoplasms
  A giant cockroach (D:4)
  4 hobgoblins
  2 quokkas
  A ball python (D:3)
  A bat (D:1)
  2 goblins (D:4)
  2 kobolds (D:4)
  A rat (D:3)
61 creatures vanquished.

Notes
Turn   | Place    | Note
-------+----------+-------------------------------------------
     0 | D:1      | 101zpm the Gnoll Air Elementalist began the quest for the
                  | Orb.
     0 | D:1      | Reached XP level 1. HP: 13/13 MP: 6/6
   440 | D:3      | Reached XP level 2. HP: 19/19 MP: 5/7
  1145 | D:4      | Noticed an ogre
  1147 | D:4      | Reached skill level 5 in Spellcasting
  1147 | D:4      | Reached skill level 1 in Invocations
  1147 | D:4      | Reached XP level 3. HP: 25/25 MP: 1/9
  1296 | D:5      | Entered Level 5 of the Dungeon
  1355 | D:6      | Reached skill level 1 in Fighting
  1355 | D:6      | Reached skill level 1 in Short Blades
  1355 | D:6      | Reached skill level 1 in Long Blades
  1355 | D:6      | Reached skill level 1 in Axes
  1355 | D:6      | Reached skill level 1 in Maces & Flails
  1355 | D:6      | Reached skill level 1 in Polearms
  1355 | D:6      | Reached skill level 1 in Staves
  1355 | D:6      | Reached skill level 1 in Slings
  1355 | D:6      | Reached skill level 1 in Bows
  1355 | D:6      | Reached skill level 1 in Crossbows
  1355 | D:6      | Reached skill level 1 in Throwing
  1355 | D:6      | Reached skill level 1 in Armour
  1355 | D:6      | Reached skill level 1 in Shields
  1355 | D:6      | Reached skill level 1 in Unarmed Combat
  1355 | D:6      | Reached skill level 1 in Evocations
  1355 | D:6      | Reached XP level 4. HP: 32/32 MP: 8/11
  1405 | D:6      | Noticed a necrophage
  1436 | D:5      | Killed a necrophage
  1437 | D:5      | Reached skill level 1 in Hexes
  1437 | D:5      | Reached skill level 1 in Summonings
  1437 | D:5      | Reached skill level 1 in Necromancy
  1437 | D:5      | Reached skill level 1 in Translocations
  1437 | D:5      | Reached skill level 1 in Transmutations
  1437 | D:5      | Reached skill level 1 in Fire Magic
  1437 | D:5      | Reached skill level 1 in Ice Magic
  1437 | D:5      | Reached skill level 1 in Earth Magic
  1437 | D:5      | Reached skill level 1 in Poison Magic
  1437 | D:5      | Reached XP level 5. HP: 37/37 MP: 4/12
  1820 | D:5      | Reached XP level 6. HP: 36/44 MP: 8/13
  1940 | D:5      | Found a staircase to the Ecumenical Temple.
  1946 | Temple   | Entered the Ecumenical Temple
  2202 | Temple   | Became a worshipper of Qazlal Stormbringer
  2427 | D:5      | Noticed an ice beast
  2531 | D:4      | Reached skill level 5 in Dodging
  2828 | D:4      | Found a shimmering blue altar of Sif Muna.
  3079 | D:4      | Reached XP level 7. HP: 50/50 MP: 10/15
  3764 | D:4      | Reached skill level 5 in Stealth
  4025 | D:4      | Learned a level 2 spell: Static Discharge
  4029 | D:4      | Learned a level 3 spell: Swiftness
  4034 | D:4      | Learned a level 4 spell: Airstrike
  4036 | D:4      | Learned a level 1 spell: Slow
  4318 | D:5      | Reached XP level 8. HP: 41/57 MP: 7/16
  4474 | D:5      | Reached * piety under Qazlal
  5927 | D:6      | HP: 2/58 [killer bee (8)]
  5927 | D:6      | Slain by a killer bee

Illustrated notes

Levels and vault maps discovered:
D:1:      lemuel_arrival_broad_hall, layout_basic,
          dilly_ecumenical_altar_fadedgnrine
D:2:      layout_basic, minmay_crystal_water, minmay_pentomino_q4
D:3:      layout_basic
D:4:      layout_basic, led_sif_book, minmay_joined_circles
D:5:      layout_loops_ring, minmay_temple_entry_ruins
D:6:      layout_basic, serial_shops, nicolae_shop_behind_doors
D:7:      layout_cave_pools, serial_shops, nicolae_lakefront_shop
Temple:   kilobyte_greek_temple

Skill      XL: |  1  2  3  4  5  6  7  8 |
---------------+-------------------------+-----
Conjurations   | 2 3 |  3.5
Spellcasting   | 5 6 |  6.0
Invocations    | 1 2 3 |  3.6
Fighting       | 1 2 3 |  3.3
Short Blades   | 1 2 3 |  3.3
Long Blades    | 1 2 3 |  3.3
Axes           | 1 2 3 |  3.3
Maces & Flails | 1 2 3 |  3.3
Polearms       | 1 2 3 |  3.3
Staves         | 1 2 3 |  3.3
Slings         | 1 2 3 |  3.3
Bows           | 1 2 3 |  3.3
Crossbows      | 1 2 3 |  3.3
Throwing       | 1 2 3 |  3.3
Armour         | 1 2 3 |  3.3
Shields        | 1 2 3 |  3.3
Unarmed Combat | 1 2 3 |  3.3
Evocations     | 1 2 3 |  3.3
Hexes          | 1 2 |  2.7
Summonings     | 1 2 |  2.7
Necromancy     | 1 2 |  2.7
Translocations | 1 2 |  2.7
Transmutations | 1 2 |  2.7
Fire Magic     | 1 2 |  2.7
Ice Magic      | 1 2 |  2.7
Earth Magic    | 1 2 |  2.7
Poison Magic   | 1 2 |  2.7
Dodging        | 5 |  5.7
Stealth        | 5 |  5.4
Air Magic      | 6 |  6.1

Action                   |  1- 3 |  4- 6 |  7- 9 || total
-------------------------+-------+-------+-------++-------
Melee: Unarmed           |       |     2 |       ||     2
 Cast: Shock             |    33 |    55 |    90 ||   178
       Airstrike         |       |       |    19 ||    19
       Slow              |       |       |     1 ||     1
Armor: Robe              |       |     3 |     3 ||     6
Dodge: Dodged            |     1 |    15 |    45 ||    61
